Map: Аура смерти РВ

Players

ИИ 1 (ученик) - Winner!

  • Race: Protoss Protoss
  • Spawn Location: 11:00

Doll

  • Race: Protoss Protoss
  • Spawn Location: 5:00

VOD

Have the link to the VOD?

Description

Time

  • Played on: Dec. 12, 2020, 4:08 a.m.
  • Length: 2:32
Show
View Real Time Build Order
Export as new Build Order

ИИ 1 (ученик) Protoss - Winner!

Build Orders:  

Get SALT Encoding   

  12  0:00  Probe  
  13  0:13  Probe  
  14  0:20  Pylon  
  14  0:25  Probe  
  15  0:34  Probe  
  16  0:43  Assimilator  
  16  0:50  Gateway  
  16  0:54  Pylon  
  16  1:18  Assimilator  
  16  1:30  Zealot  
  18  1:42  Cybernetics Core  
  18  2:05  Probe  
  18  2:06  Pylon  
  18  2:13  Probe  
Show
View Real Time Build Order
Export as new Build Order

Doll Protoss 

Build Orders:  

Get SALT Encoding   

  12  0:00  Probe  
  13  0:12  Probe  
  14  0:20  Pylon  
  14  0:25  Probe  
  15  0:40  Gateway, Probe (Chrono Boost)  
  17  0:50  Probe (Chrono Boost)  
  17  0:54  Pylon  
  17  0:55  Probe (Chrono Boost)  
  18  1:07  Probe  
  18  1:08  Gateway  
  19  1:15  Assimilator  
  19  1:19  Probe  
  20  1:27  Zealot  
  20  1:32  Probe  
  23  1:36  Cybernetics Core  
  23  1:44  Probe, Pylon  
  24  1:51  Assimilator  
  24  1:55  Zealot  
  24  1:58  Probe  
  29  2:16  Probe  
  30  2:29  Forge  
Tags
 
Add a new tag
Caveats
  • Supply blocks, unpowered buildings, or Contaminate may cause inaccurate times.
  • Supply counts are checked every 10 seconds.